 Dungeon Crawl Stone Soup version 0.18-b1-18-g7758cf2 (webtiles) character file.

56 Wooh the Skirmisher (level 3, -7/34 HPs)
             Began as a Draconian Gladiator on May 2, 2016.
             Mangled by a gnoll
             ... wielding a +0 flail
              (11 damage)
             ... on level 2 of the Dungeon.
             The game lasted 00:03:55 (1306 turns).

Wooh the Skirmisher (Draconian Gladiator)           Turns: 1306, Time: 00:03:56

Health: -7/34      AC:  5    Str: 17    XL:     3   Next: 71%
Magic:  3/3        EV: 12    Int:  8    God:
Gold:   16         SH:  0    Dex: 12    Spells: 0 memorised, 2 levels left

rFire  . . .     SeeInvis .     a - +0 long sword
rCold  . . .     Gourm    .     (armour unavailable)
rNeg   . . .     Faith    .     (no shield)
rPois  .         Spirit   .     b - +0 hat
rElec  .         Dismiss  .     (no cloak)
rCorr  .         Reflect  .     (no gloves)
SustAt .         Harm     .     (no boots)
MR     .....                    (no amulet)
Stlth  +.........               (no ring)
                                (no ring)

@: not resistant to hostile enchantments, very unstealthy
A: unfitting armour, cold-blooded, AC +5
a: no special abilities


You were on level 2 of the Dungeon.
You were not hungry.

You visited 1 branch of the dungeon, and saw 2 of its levels.

You collected 16 gold pieces.

Inventory:

Hand Weapons
 a - a +0 long sword (weapon)
Missiles
 c - 3 throwing nets (quivered)
 i - 22 bolts
 m - 15 poisoned needles
Armour
 b - a +0 hat (worn)
Scrolls
 e - a scroll of immolation {unknown}
 g - a scroll of teleportation {unknown}
 k - a scroll of amnesia {unknown}
 l - a scroll of enchant weapon {unknown}
 p - a scroll of remove curse {unknown}
 q - a scroll of fear {unknown}
 r - a scroll of identify {unknown}
 t - a scroll of recharging {unknown}
Potions
 f - a potion of might {unknown}
 h - a potion of berserk rage {unknown}
 o - a potion of invisibility {unknown}
 v - a potion of brilliance {unknown}
Books
 n - a book of Clouds

   Spells                             Type                      Level
   a - Mephitic Cloud                 Conjuration/Poison/Air       3
   b - Conjure Flame                  Conjuration/Fire             3
   c - Poisonous Cloud                Conjuration/Poison/Air       6
   d - Freezing Cloud                 Conjuration/Ice/Air          6
   e - Ring of Flames                 Charms/Fire                  7
 s - a book of Beasts

   Spells                             Type                      Level
   a - Summon Butterflies             Summoning                    1
   b - Call Canine Familiar           Summoning                    3
   c - Summon Ice Beast               Ice/Summoning                4
   d - Summon Mana Viper              Hexes/Summoning              5
   e - Summon Hydra                   Summoning                    7
Comestibles
 d - a bread ration
 u - a beef jerky


   Skills:
 + Level 4.5 Fighting
 - Level 3.0 Long Blades
 - Level 1.7 Throwing
 - Level 2.6 Dodging


You had 2 spell levels left.
You didn't know any spells.

Dungeon Overview and Level Annotations

Branches:
Dungeon (2/15)

Altars:
Yredelemnul


Innate Abilities, Weirdness & Mutations

Your plain brown scales are hard (AC +5).
Your body does not fit into most forms of armour.
You are cold-blooded and may be slowed by cold attacks.


Message History

There is a stone staircase leading up here.
You hit the gnoll but do no damage. You tail-slap the gnoll.
The gnoll is moderately wounded.
The gnoll misses you. The gnoll hits you.
You hit the gnoll.
The gnoll is heavily wounded.
The gnoll hits you with a flail. The gnoll hits you!
You barely miss the gnoll.
The gnoll is heavily wounded.
The gnoll closely misses you. The gnoll hits you with a flail.
You hit the gnoll.
The gnoll is almost dead.
The gnoll barely misses you. x2; The gnoll hits you!
* * * LOW HITPOINT WARNING * * *
You hit the gnoll.
You kill the gnoll!
The gnoll hits you with a flail.
* * * LOW HITPOINT WARNING * * *
You closely miss the gnoll. The gnoll hits you with a flail!
You die...

........##...# ...
........#....##8..8
..................#
.#...............#
....P.P..........#
....._...........#
#...P.P..........#
................g#
...............!@#
.................#
#.##.....(.......#
#.##.....(.......#
#.##............##
#.###..#.......##
#..#..###...#.##
.....## ###.#..#
.....# #..#.#


You could see a gnoll.

Vanquished Creatures
  2 gnolls
  A giant gecko (D:2)
  A giant cockroach (D:1)
  6 goblins (D:1)
  7 hobgoblins
  7 kobolds
  3 ball pythons
  A giant newt (D:2)
  7 rats
35 creatures vanquished.

Notes
Turn   | Place    | Note
--------------------------------------------------------------
     0 | D:1      | Wooh the Draconian Gladiator began the quest for the Orb.
     0 | D:1      | Reached XP level 1. HP: 17/17 MP: 1/1
   195 | D:1      | Reached skill level 3 in Fighting
   195 | D:1      | Reached XP level 2. HP: 23/26 MP: 2/2
   720 | D:1      | Reached skill level 4 in Fighting
   720 | D:1      | Reached XP level 3. HP: 13/33 MP: 3/3
   962 | D:2      | Found a basalt altar of Yredelemnul.
  1306 | D:2      | Mangled by a gnoll

Skill      XL: |  1  2 |
---------------+-------+-----
Fighting       | 3 4 |  4.5
Long Blades    | |  3.0
Throwing       | |  1.7
Dodging        | |  2.6

Action                   || total
-------------------------++-------
Melee: Long sword        ||   102
       Tailslap          ||     8
 Stab: Sleeping          ||     1
  Eat: Chunk             ||     1
Armor: Skin              ||    24
Dodge: Dodged            ||    93
